 Dungeon Crawl Stone Soup version 0.26.1-11-gd32895ea62 (webtiles) character file.

Game seed: 14933213786248552977

14646 phalm the Destroyer (level 12, -2/91 HPs)
             Began as a Gnoll Conjurer on May 13, 2021.
             Was a High Priest of Cheibriados.
             Slain by a blink frog (5 damage)
             ... while petrified by a basilisk
             ... on level 1 of the Lair of Beasts.
             The game lasted 00:37:56 (14828 turns).

phalm the Destroyer (Gnoll Conjurer)               Turns: 14828, Time: 00:37:57

Health: -2/91      AC: 10    Str: 24    XL:     12   Next: 18%
Magic:  10/24      EV:  2    Int: 39    God:    Cheibriados [*****.]
Gold:   934        SH:  0    Dex: 28    Spells: 17/28 levels left

rFire    . . .     SeeInvis +   G - +4 dagger (elec)
rCold    + + .     Faith    .   h - +0 buckler
rNeg     + + +     Spirit   .   J - +2 leather armour {rC+}
rPois    ∞         Reflect  +   f - +0 helmet
rElec    .         Harm     .   K - scarf {repulsion}
rCorr    .         Rampage  .   y - +2 pair of gloves
Will     .....                  (no boots)
Stlth    ++++......             M - amulet of reflection
HPRegen  0.25/turn              v - ring of see invisible
MPRegen  0.19/turn              C - ring of protection from cold (curse)

@: petrified, repel missiles, very slow
A: distributed training, fangs 1, strong nose
a: Renounce Religion, Bend Time, Temporal Distortion, Slouch, Step From Time


You were on level 1 of the Lair of Beasts.
You worshipped Cheibriados.
Cheibriados was extremely pleased with you.
You visited 3 branches of the dungeon, and saw 13 of its levels.
You also visited: Sewer and Bailey.

You collected 1233 gold pieces.
You spent 299 gold pieces at shops.


Innate Abilities, Weirdness & Mutations

Your experience applies equally to all skills.
You have very sharp teeth.
Your uncanny sense of smell can sniff out nearby items.


   Skills:
 + Level 7.0 Fighting
 + Level 7.0 Short Blades
 + Level 7.0 Long Blades
 + Level 7.0 Axes
 + Level 7.0 Maces & Flails
 + Level 7.0 Polearms
 + Level 7.0 Staves
 + Level 7.0 Slings
 + Level 7.0 Bows
 + Level 7.0 Crossbows
 + Level 7.0 Throwing
 + Level 7.0 Armour
 + Level 8.5 Dodging
 + Level 8.3 Stealth
 + Level 7.0 Shields
 + Level 7.0 Unarmed Combat
 + Level 8.7 Spellcasting
 + Level 9.3 Conjurations
 + Level 5.8 Hexes
 + Level 5.8 Summonings
 + Level 5.8 Necromancy
 + Level 5.8 Translocations
 + Level 5.8 Transmutations
 + Level 5.8 Fire Magic
 + Level 5.8 Ice Magic
 + Level 5.8 Air Magic
 + Level 5.8 Earth Magic
 + Level 5.8 Poison Magic
 + Level 7.7 Invocations
 + Level 7.0 Evocations


You had 17 spell levels left.
You knew the following spells:

 Your Spells              Type           Power        Failure   Level
l - Summon Lightning Spi  Summ/Air       58%          2%          4
m - Magic Dart            Conj           100%         1%          1
s - Searing Ray           Conj           100%         1%          2
X - Iskenderun's Mystic   Conj/Tloc      66%          1%          4

Your spell library contained the following spells:

 Spells                   Type           Power        Failure   Level
 Apportation              Tloc           100%         1%          1
 Corona                   Hex            64%          1%          1
 Freeze                   Ice            100%         1%          1
 Summon Small Mammal      Summ           100%         1%          1
 Call Imp                 Summ           58%          1%          2
 Ensorcelled Hibernation  Hex/Ice        100%         1%          2
 Call Canine Familiar     Summ           58%          1%          3
 Confusing Touch          Hex            58%          1%          3
 Dazzling Flash           Conj/Hex       100%         1%          3
 Frozen Ramparts          Ice            100%         1%          3
 Gell's Gravitas          Tloc           29%          1%          3
 Ozocubu's Armour         Ice            58%          1%          3
 Summon Guardian Golem    Hex/Summ       58%          1%          3
 Tukima's Dance           Hex            58%          1%          3
 Fulminant Prism          Conj/Hex       33%          1%          4
 Hailstorm                Conj/Ice       66%          1%          4
 Petrify                  Tmut/Erth      58%          2%          4
 Summon Ice Beast         Ice/Summ       58%          2%          4
 Metabolic Englaciation   Hex/Ice        29%          6%          5
 Yara's Violent Unravell  Hex/Tmut       29%          6%          5

Inventory:

Hand Weapons
 G - a +4 dagger of electrocution (weapon)
   (You took it off Ijyb on level 5 of the Dungeon)
Missiles
 g - 156 bolts
 j - 82 sling bullets
 z - 105 poisoned darts
 I - 26 boomerangs
 N - 3 silver boomerangs
 S - 2 throwing nets {=f!f}
Armour
 a - a +0 kite shield
   (You found it on level 7 of the Dungeon)
 f - a +0 helmet (worn)
   (You found it on level 1 of the Dungeon)
 h - a +0 buckler (worn)
   (You found it on level 1 of the Dungeon)
 y - a +2 pair of gloves (worn)
   (You found it on level 4 of the Dungeon)
 J - a +2 leather armour of cold resistance (worn)
   (You found it on level 6 of the Dungeon)
 K - a scarf of repulsion (worn)
   (You bought it in a shop on level 6 of the Dungeon)
Magical Staves
 c - an uncursed staff of earth {!a}
   (You found it in a sewer)
Jewellery
 q - an uncursed ring of stealth
   (You found it on level 10 of the Dungeon)
 v - a ring of see invisible (left hand)
   (You found it on level 9 of the Dungeon)
 C - a cursed ring of protection from cold (right hand)
   (You found it in a bailey)
 E - a cursed amulet of inaccuracy {unknown}
   (You found it on level 11 of the Dungeon)
 F - an uncursed ring of fire
   (You found it in a sewer)
 M - an amulet of reflection (around neck)
   (You found it on level 7 of the Dungeon)
Wands
 e - a wand of acid (7)
   (You found it on level 4 of the Dungeon)
 l - a wand of paralysis (11)
   (You took it off a kobold on level 5 of the Dungeon)
 r - a wand of disintegration (10)
   (You took it off a kobold on level 5 of the Dungeon)
 x - a wand of polymorph (8)
   (You found it on level 4 of the Dungeon)
 H - a wand of flame (13)
   (You found it on level 6 of the Dungeon)
 P - a wand of enslavement (7)
   (You found it on level 8 of the Dungeon)
 W - a wand of iceblast (9)
   (You found it on level 10 of the Dungeon)
Scrolls
 b - 3 scrolls of immolation {!r!r}
 k - 4 scrolls of magic mapping {!r}
 m - a scroll of amnesia
 t - 8 scrolls of remove curse {@r2}
 u - 8 scrolls of teleportation {@r4}
 D - 3 scrolls of enchant weapon
 Q - a scroll of enchant armour
 R - 2 scrolls of fear
 V - 3 scrolls of identify {@r1}
Potions
 d - 3 potions of heal wounds {@q2}
 i - 2 potions of invisibility
 n - a potion of cancellation
 o - 2 potions of ambrosia
 p - 6 potions of curing {@q1}
 s - a potion of resistance
 w - 2 potions of attraction {!q}
 A - 2 potions of flight
 B - 3 potions of lignification {!q}
 L - a potion of brilliance {unknown}
 O - 2 potions of mutation {unknown}
 U - a potion of might {unknown}
Miscellaneous
 T - a condenser vane
   (You found it in a bailey)

Dungeon Overview and Level Annotations

Branches:
Dungeon (11/15)            Temple (1/1) D:4            Lair (1/6) D:9
  Sewer (visited)          Bailey (visited)
    Orc: D:9-12

Altars:
Ashenzari
Cheibriados
Dithmenos
Elyvilon
Fedhas
Gozag
Hepliaklqana
Kikubaaqudgha
Makhleb
Nemelex Xobeh
Okawaru
Qazlal
Vehumet
Wu Jian
Xom
Zin
The Shining One

Shops:
D:4 !?!   D:6 =[((!

Annotations:
D:9 3 runed translucent doors, Tirrikindir's ghost, novice OpFi; Vexxious's ghost, novice MiBe; oldmanjim's ghost, journeyman OgFE; phalm's ghost, novice DECj

..............#
#............#
#............#
#............#
#............#
#............##
##.............#
#..lF.........##
#########.Y@.†.......#
..........YF†..>.....#
#####........##P.##..#
#.........#######.#
##........## ##.##
#..........# #P..#
##.........######.##
..................#
######.##.##########


You could see 2 yaks, a cane toad, a basilisk and a blink frog.


Message History

You lost 4 mp, and now have 16/24 mp.
Casting: Iskenderun's Mystic Blast (mildly dangerous; 1% risk of failure)
Confirm with . or Enter, or press ? or * to list all spells.
You erupt in a blast of force!
The mystic blast hits the rime drake!
The rime drake is knocked back by the mystic blast.
The rime drake collides with the blink frog!
You kill the rime drake!
Cheibriados appreciates the change of pace.
The mystic blast hits the yak!
You kill the yak!
Cheibriados thoroughly appreciates the change of pace.
The mystic blast hits the yak!
The yak is knocked back by the mystic blast.
The mystic blast hits the yak!!
You kill the yak!
Cheibriados thoroughly appreciates the change of pace.
Your Fighting skill increases to level 7!
Your Short Blades skill increases to level 7!
Your Long Blades skill increases to level 7!
Your Axes skill increases to level 7!
Your Maces & Flails skill increases to level 7!
Your Polearms skill increases to level 7!
Your Staves skill increases to level 7!
Your Slings skill increases to level 7!
Your Bows skill increases to level 7!
Your Crossbows skill increases to level 7!
Your Throwing skill increases to level 7!
Your Armour skill increases to level 7!
Your Shields skill increases to level 7!
Your Unarmed Combat skill increases to level 7!
Your Evocations skill increases to level 7! 😎 HP[+2] MP[-4]
You now have 91 max hp (+2).
Your hp is fully restored (91).
You lost 4 mp, and now have 12/24 mp.
Casting: Iskenderun's Mystic Blast (mildly dangerous; 1% risk of failure)
Confirm with . or Enter, or press ? or * to list all spells.
Aiming: Searing Ray (safe; 1% risk of failure)
Press: ? - help, Shift-Dir - straight line, f - basilisk
Aim: a basilisk (moderately wounded, 21% to evade)
The searing ray hits the blink frog!
The searing ray misses the basilisk. (Press . to maintain the ray.)
The blink frog blinks! 😎 MP[-2]
You lost 2 mp, and now have 10/24 mp.
The searing ray hits the blink frog!!
You kill the blink frog!
Cheibriados thoroughly appreciates the change of pace.
The searing ray hits the basilisk!
The basilisk gazes at you.
You are slowing down.
The yak closely misses you.
The searing ray hits the cane toad.
The searing ray hits the basilisk!
The yak gores you!
The blink frog blinks!
The yak gores you. The yak closely misses you.
Your limbs are stiffening. 😕 HP[-6] MP[-1]
You take 6 damage, and now have 85/91 hp.
You lost 1 mp, and now have 9/24 mp.
The cane toad stings you! The yak gores you!
The yak gores you but does no damage. The cane toad closely misses you.
The basilisk bites you but does no damage.
The yak barely misses you.
You have turned to stone.
The yak gores you!
The blink frog blinks!
The cane toad stings you!!
The basilisk bites you but does no damage.
The yak gores you. The cane toad stings you! The yak barely misses you.
The basilisk bites you but does no damage.
The yak gores you but does no damage. The cane toad stings you!
The yak gores you!
* * * LOW HITPOINT WARNING * * *
The basilisk bites you!
* * * LOW HITPOINT WARNING * * *
The cane toad stings you.
* * * LOW HITPOINT WARNING * * *
The yak gores you.
* * * LOW HITPOINT WARNING * * *
The yak gores you.
* * * LOW HITPOINT WARNING * * *
The basilisk completely misses you.
The cane toad stings you but does no damage.
The blink frog blinks!
The yak gores you.
* * * LOW HITPOINT WARNING * * *
The yak gores you but does no damage.
The cane toad stings you but does no damage.
The basilisk bites you.
* * * LOW HITPOINT WARNING * * *
The yak gores you but does no damage. The yak gores you!
* * * LOW HITPOINT WARNING * * *
The cane toad stings you!
* * * LOW HITPOINT WARNING * * *
The basilisk gazes at you. The yak gores you but does no damage.
The cane toad stings you!
* * * LOW HITPOINT WARNING * * *
The yak gores you!
* * * LOW HITPOINT WARNING * * *
The basilisk bites you!
* * * LOW HITPOINT WARNING * * *
The blink frog hits you!
You die...

Skill      XL: |  1  2  3  4  5  6  7  8  9 10 11 12 |
---------------+-------------------------------------+-----
Spellcasting   | 5 6 7 8 |  8.7
Invocations    | 1 2 3 4 5 6 7 |  7.7
Fighting       | 1 2 3 4 5 6 7 |  7.0
Short Blades   | 1 2 3 4 5 6 7 |  7.0
Long Blades    | 1 2 3 4 5 6 7 |  7.0
Axes           | 1 2 3 4 5 6 7 |  7.0
Maces & Flails | 1 2 3 4 5 6 7 |  7.0
Polearms       | 1 2 3 4 5 6 7 |  7.0
Staves         | 1 2 3 4 5 6 7 |  7.0
Slings         | 1 2 3 4 5 6 7 |  7.0
Bows           | 1 2 3 4 5 6 7 |  7.0
Crossbows      | 1 2 3 4 5 6 7 |  7.0
Throwing       | 1 2 3 4 5 6 7 |  7.0
Armour         | 1 2 3 4 5 6 7 |  7.0
Shields        | 1 2 3 4 5 6 7 |  7.0
Unarmed Combat | 1 2 3 4 5 6 7 |  7.0
Evocations     | 1 2 3 4 5 6 7 |  7.0
Hexes          | 1 2 3 4 5 |  5.8
Summonings     | 1 2 3 4 5 |  5.8
Necromancy     | 1 2 3 4 5 |  5.8
Translocations | 1 2 3 4 5 |  5.8
Transmutations | 1 2 3 4 5 |  5.8
Fire Magic     | 1 2 3 4 5 |  5.8
Ice Magic      | 1 2 3 4 5 |  5.8
Air Magic      | 1 2 3 4 5 |  5.8
Earth Magic    | 1 2 3 4 5 |  5.8
Poison Magic   | 1 2 3 4 5 |  5.8
Dodging        | 5 6 7 8 |  8.5
Stealth        | 5 6 7 8 |  8.3
Conjurations   | 8 9 |  9.3

Action                   |  1- 3 |  4- 6 |  7- 9 | 10-12 || total
-------------------------+-------+-------+-------+-------++-------
Melee: Dagger            |       |    13 |    61 |    73 ||   147
       Bite              |       |       |     6 |    15 ||    21
 Cast: Magic Dart        |    48 |    78 |   195 |   371 ||   692
       Searing Ray       |     1 |     9 |    22 |    45 ||    77
       Iskenderun's Myst |       |       |       |    20 ||    20
Invok: Slouch            |       |       |       |     1 ||     1
Evoke: Wand              |       |       |     7 |     6 ||    13
  Use: Scroll            |       |     9 |    10 |     4 ||    23
       Potion            |       |       |       |     1 ||     1
Armor: Robe              |     1 |     2 |    19 |       ||    22
       Leather armour    |       |       |     1 |    51 ||    52
Dodge: Dodged            |     6 |    22 |    62 |   223 ||   313
       Repelled          |       |       |       |     3 ||     3
Block: Buckler           |       |       |    12 |   196 ||   208
       Reflection        |       |       |       |    31 ||    31

Levels and vault maps discovered:
D:1:      eino_arrival_tree_alley, layout_rooms
D:2:      wad_crossroads, layout_rooms, general_overflow_altar,
          kennysheep_jessica_study
D:3:      layout_loops_ring, kb_xom_exploding_sheep, kiku_gazebo_pond_becter,
          elyvilon_altar_1, gup_sewer_entry_spiral, due_unseen_surprise
D:4:      layout_loops_ring, nicolae_tso_besieged_by_evil,
          minmay_temple_entry_water_ring, serial_shops,
          nicolae_shop_behind_doors, nicolae_shop_waterfront, shop,
          minivault_11, uniq_sigmund
D:5:      minmay_polygon_palace, layout_basic, old_standard_altar, basic_altar,
          gammafunk_ghost_nasty_kobolds, uniq_eustachio, uniq_ijyb
D:6:      layout_rooms, nicolae_gozag_cash_rules_everything_around_me,
          serial_shops, kennysheep_mini, nicolae_shop_behind_doors,
          nicolae_shop_stone, shop, shop_statue, fedhas_altar_2,
          uniq_crazy_yiuf_cottage, uniq_pikel, uniq_blork_the_orc
D:7:      layout_basic, uniq_menkaure
D:8:      layout_loops_corners, grunt_qazlal_sundering, grunt_decor_one_mirror,
          lightli_corner_chamber
D:9:      layout_roguey, grunt_lair_entry_orc_guard_hut,
          gammafunk_ghost_cemetery, enter_bailey_2
D:10:     layout_cave_pools, serial_rivers, chequers_serial_rivers_micro_c,
          chequers_serial_rivers_micro_e, chequers_serial_rivers_small_3,
          chequers_serial_rivers_micro_e, chequers_serial_rivers_micro_c
D:11:     layout_cave_pools, serial_column_ruins, column_ruins_hut_water,
          column_ruins_open_small, column_ruins_columns_corner,
          column_ruins_open_small, column_ruins_grid_3,
          column_ruins_columns_straight
Temple:   jpeg_temple_clearing
Lair:1:   layout_small_grid, uniq_harold

Notes
Turn   | Place    | Note
-------+----------+-------------------------------------------
     0 | D:1      | phalm the Gnoll Conjurer began the quest for the Orb.
     0 | D:1      | Reached XP level 1. HP: 13/13 MP: 6/6
     0 | D:1      | magus.rc [v1.9.10]
   136 | D:1      | Reached XP level 2. HP: 19/19 MP: 4/7
   163 | D:1      | Learned a level 2 spell: Searing Ray
   655 | D:2      | Reached skill level 5 in Spellcasting
   655 | D:2      | Reached XP level 3. HP: 25/25 MP: 3/9
   955 | D:2      | Reached skill level 1 in Invocations
  1009 | D:2      | Noticed Jessica
  1016 | D:2      | Killed Jessica
  1017 | D:2      | Reached skill level 1 in Fighting
  1017 | D:2      | Reached skill level 1 in Short Blades
  1017 | D:2      | Reached skill level 1 in Long Blades
  1017 | D:2      | Reached skill level 1 in Axes
  1017 | D:2      | Reached skill level 1 in Maces & Flails
  1017 | D:2      | Reached skill level 1 in Polearms
  1017 | D:2      | Reached skill level 1 in Staves
  1017 | D:2      | Reached skill level 1 in Slings
  1017 | D:2      | Reached skill level 1 in Bows
  1017 | D:2      | Reached skill level 1 in Crossbows
  1017 | D:2      | Reached skill level 1 in Throwing
  1017 | D:2      | Reached skill level 1 in Armour
  1017 | D:2      | Reached skill level 1 in Shields
  1017 | D:2      | Reached skill level 1 in Unarmed Combat
  1017 | D:2      | Reached skill level 1 in Evocations
  1017 | D:2      | Reached XP level 4. HP: 32/32 MP: 2/11
  1022 | D:2      | Learned a level 4 spell: Iskenderun's Mystic Blast
  1094 | D:2      | Identified Jessica's Compendium of the Voyage
  1562 | D:2      | Reached skill level 1 in Hexes
  1562 | D:2      | Reached skill level 1 in Summonings
  1562 | D:2      | Reached skill level 1 in Necromancy
  1562 | D:2      | Reached skill level 1 in Translocations
  1562 | D:2      | Reached skill level 1 in Transmutations
  1562 | D:2      | Reached skill level 1 in Fire Magic
  1562 | D:2      | Reached skill level 1 in Ice Magic
  1562 | D:2      | Reached skill level 1 in Air Magic
  1562 | D:2      | Reached skill level 1 in Earth Magic
  1562 | D:2      | Reached skill level 1 in Poison Magic
  1652 | D:2      | Found a burning altar of Makhleb.
  1883 | D:3      | Reached XP level 5. HP: 37/37 MP: 1/12
  1969 | D:3      | Found a glowing drain.
  2049 | Sewer    | Entered a sewer
  2162 | Sewer    | Noticed Purgy
  2177 | Sewer    | Killed Purgy
  2178 | Sewer    | Reached skill level 2 in Invocations
  2178 | Sewer    | Reached XP level 6. HP: 44/44 MP: 4/13
  2365 | D:3      | Found a white marble altar of Elyvilon.
  2992 | D:3      | Found an ancient bone altar of Kikubaaqudgha.
  3008 | D:3      | You pick up a book of Misfortune and begin reading...
  3008 | D:3      | You add the spells Confusing Touch, Gell's Gravitas,
                  | Petrify, Metabolic Englaciation and Yara's Violent
                  | Unravelling to your library.
  3068 | D:3      | Noticed a dream sheep
  3068 | D:3      | Noticed a dream sheep
  3068 | D:3      | Noticed a dream sheep
  3068 | D:3      | Noticed a dream sheep
  3068 | D:3      | Noticed a dream sheep
  3068 | D:3      | Found a shimmering altar of Xom.
  3069 | D:3      | Killed a dream sheep
  3069 | D:3      | Killed a dream sheep
  3069 | D:3      | Killed a dream sheep
  3070 | D:3      | Reached skill level 2 in Fighting
  3070 | D:3      | Reached skill level 2 in Short Blades
  3070 | D:3      | Reached skill level 2 in Long Blades
  3070 | D:3      | Reached skill level 2 in Axes
  3070 | D:3      | Reached skill level 2 in Maces & Flails
  3070 | D:3      | Reached skill level 2 in Polearms
  3070 | D:3      | Reached skill level 2 in Staves
  3070 | D:3      | Reached skill level 2 in Slings
  3070 | D:3      | Reached skill level 2 in Bows
  3070 | D:3      | Reached skill level 2 in Crossbows
  3070 | D:3      | Reached skill level 2 in Throwing
  3070 | D:3      | Reached skill level 2 in Armour
  3070 | D:3      | Reached skill level 5 in Dodging
  3070 | D:3      | Reached skill level 2 in Shields
  3070 | D:3      | Reached skill level 2 in Unarmed Combat
  3070 | D:3      | Reached skill level 2 in Evocations
  3070 | D:3      | Killed a dream sheep
  3071 | D:3      | Reached XP level 7. HP: 50/50 MP: 10/15
  3071 | D:3      | Killed a dream sheep
  3329 | D:4      | You pick up a book of Maledictions and begin reading...
  3329 | D:4      | You add the spells Corona, Ensorcelled Hibernation and
                  | Tukima's Dance to your library.
  3441 | D:4      | Found a staircase to the Ecumenical Temple.
  3450 | Temple   | Entered the Ecumenical Temple
  3501 | Temple   | Became a worshipper of Cheibriados the Contemplative
  3715 | D:4      | Reached skill level 2 in Hexes
  3715 | D:4      | Reached skill level 2 in Summonings
  3715 | D:4      | Reached skill level 2 in Necromancy
  3715 | D:4      | Reached skill level 2 in Translocations
  3715 | D:4      | Reached skill level 2 in Transmutations
  3715 | D:4      | Reached skill level 2 in Fire Magic
  3715 | D:4      | Reached skill level 2 in Ice Magic
  3715 | D:4      | Reached skill level 2 in Air Magic
  3715 | D:4      | Reached skill level 2 in Earth Magic
  3715 | D:4      | Reached skill level 2 in Poison Magic
  3810 | D:4      | Found Irchol's Magic Scroll Boutique.
  3820 | D:4      | Bought a scroll of identify for 22 gold pieces
  3820 | D:4      | Bought a scroll of identify for 22 gold pieces
  3820 | D:4      | Bought a scroll of identify for 22 gold pieces
  3820 | D:4      | Bought a scroll of identify for 22 gold pieces
  3841 | D:4      | Found Wiomuku's Distillery.
  3848 | D:4      | Bought a potion of degeneration for 13 gold pieces
  3912 | D:4      | Found Leaj's Distillery.
  3915 | D:4      | Bought a potion of flight for 30 gold pieces
  3965 | D:4      | Found a glowing golden altar of the Shining One.
  3965 | D:4      | Noticed Sigmund
  4006 | D:4      | Killed Sigmund
  4007 | D:4      | Reached skill level 5 in Stealth
  4007 | D:4      | Reached skill level 3 in Invocations
  4498 | D:5      | Entered Level 5 of the Dungeon
  4685 | D:5      | Found a burning altar of Makhleb.
  4745 | D:5      | Reached XP level 8. HP: 57/57 MP: 11/16
  4754 | D:5      | Reached skill level 3 in Fighting
  4754 | D:5      | Reached skill level 3 in Short Blades
  4754 | D:5      | Reached skill level 3 in Long Blades
  4754 | D:5      | Reached skill level 3 in Axes
  4754 | D:5      | Reached skill level 3 in Maces & Flails
  4754 | D:5      | Reached skill level 3 in Polearms
  4754 | D:5      | Reached skill level 3 in Staves
  4754 | D:5      | Reached skill level 3 in Slings
  4754 | D:5      | Reached skill level 3 in Bows
  4754 | D:5      | Reached skill level 3 in Crossbows
  4754 | D:5      | Reached skill level 3 in Throwing
  4754 | D:5      | Reached skill level 3 in Armour
  4754 | D:5      | Reached skill level 3 in Shields
  4754 | D:5      | Reached skill level 3 in Unarmed Combat
  4754 | D:5      | Reached skill level 3 in Evocations
  4939 | D:5      | Reached skill level 6 in Spellcasting
  5079 | D:5      | Reached * piety under Cheibriados
  5586 | D:5      | Found a runed translucent gate.
  5586 | D:5      | Found a runed translucent gate.
  5586 | D:5      | Found a runed translucent gate.
  5589 | D:5      | Noticed phalm's ghost (novice GnHu)
  5590 | D:5      | Noticed Eustachio
  5598 | D:5      | Killed Eustachio
  5599 | D:5      | Reached skill level 3 in Hexes
  5599 | D:5      | Reached skill level 3 in Summonings
  5599 | D:5      | Reached skill level 3 in Necromancy
  5599 | D:5      | Reached skill level 3 in Translocations
  5599 | D:5      | Reached skill level 3 in Transmutations
  5599 | D:5      | Reached skill level 3 in Fire Magic
  5599 | D:5      | Reached skill level 3 in Ice Magic
  5599 | D:5      | Reached skill level 3 in Air Magic
  5599 | D:5      | Reached skill level 3 in Earth Magic
  5599 | D:5      | Reached skill level 3 in Poison Magic
  5599 | D:5      | Reached skill level 4 in Invocations
  5629 | D:5      | Found a glowing silver altar of Zin.
  5670 | D:5      | Reached skill level 6 in Dodging
  5782 | D:5      | Noticed Ijyb
  5786 | D:5      | Killed Ijyb
  6038 | D:5      | Reached XP level 9. HP: 64/65 MP: 12/18
  6199 | D:5      | Reached ** piety under Cheibriados
  6205 | D:5      | Killed phalm's ghost
  6206 | D:5      | Reached skill level 4 in Fighting
  6206 | D:5      | Reached skill level 4 in Short Blades
  6206 | D:5      | Reached skill level 4 in Long Blades
  6206 | D:5      | Reached skill level 4 in Axes
  6206 | D:5      | Reached skill level 4 in Maces & Flails
  6206 | D:5      | Reached skill level 4 in Polearms
  6206 | D:5      | Reached skill level 4 in Staves
  6206 | D:5      | Reached skill level 4 in Slings
  6206 | D:5      | Reached skill level 4 in Bows
  6206 | D:5      | Reached skill level 4 in Crossbows
  6206 | D:5      | Reached skill level 4 in Throwing
  6206 | D:5      | Reached skill level 4 in Armour
  6206 | D:5      | Reached skill level 4 in Shields
  6206 | D:5      | Reached skill level 4 in Unarmed Combat
  6206 | D:5      | Reached skill level 4 in Evocations
  6306 | D:6      | Noticed Pikel
  6310 | D:6      | Killed Pikel
  6311 | D:6      | Reached skill level 6 in Stealth
  6311 | D:6      | Reached skill level 8 in Conjurations
  6644 | D:6      | Found a blossoming altar of Fedhas.
  6770 | D:6      | Found Apat's Weapon Boutique.
  6791 | D:6      | Reached skill level 5 in Invocations
  6837 | D:6      | Found Buudoal's Distillery.
  6892 | D:6      | Found an opulent altar of Gozag.
  6943 | D:6      | Noticed Blork the orc
  6950 | D:6      | Killed Blork the orc
  7095 | D:6      | Found Qutull Johag's Jewellery Emporium.
  7279 | D:6      | Found a runed translucent door.
  7280 | D:6      | Noticed Crazy Yiuf
  7337 | D:6      | Found Jalleh's Armour Emporium.
  7342 | D:6      | Bought a scarf of repulsion for 168 gold pieces
  7349 | D:6      | Found Isethromm's Antique Weapon Shop.
  7472 | D:6      | Killed Crazy Yiuf
  7642 | D:7      | Noticed Menkaure
  7649 | D:7      | Killed Menkaure
  7650 | D:7      | Reached skill level 7 in Spellcasting
  7938 | D:7      | You pick up a book of Callings and begin reading...
  7938 | D:7      | You add the spells Summon Small Mammal, Call Imp, Call
                  | Canine Familiar, Summon Guardian Golem, Summon Lightning
                  | Spire and Summon Ice Beast to your library.
  7975 | D:7      | Reached XP level 10. HP: 73/73 MP: 14/20
  8062 | D:7      | Reached skill level 4 in Hexes
  8062 | D:7      | Reached skill level 4 in Summonings
  8062 | D:7      | Reached skill level 4 in Necromancy
  8062 | D:7      | Reached skill level 4 in Translocations
  8062 | D:7      | Reached skill level 4 in Transmutations
  8062 | D:7      | Reached skill level 4 in Fire Magic
  8062 | D:7      | Reached skill level 4 in Ice Magic
  8062 | D:7      | Reached skill level 4 in Air Magic
  8062 | D:7      | Reached skill level 4 in Earth Magic
  8062 | D:7      | Reached skill level 4 in Poison Magic
  8262 | D:7      | Reached *** piety under Cheibriados
  8274 | D:7      | Reached skill level 5 in Fighting
  8274 | D:7      | Reached skill level 5 in Short Blades
  8274 | D:7      | Reached skill level 5 in Long Blades
  8274 | D:7      | Reached skill level 5 in Axes
  8274 | D:7      | Reached skill level 5 in Maces & Flails
  8274 | D:7      | Reached skill level 5 in Polearms
  8274 | D:7      | Reached skill level 5 in Staves
  8274 | D:7      | Reached skill level 5 in Slings
  8274 | D:7      | Reached skill level 5 in Bows
  8274 | D:7      | Reached skill level 5 in Crossbows
  8274 | D:7      | Reached skill level 5 in Throwing
  8274 | D:7      | Reached skill level 5 in Armour
  8274 | D:7      | Reached skill level 5 in Shields
  8274 | D:7      | Reached skill level 5 in Unarmed Combat
  8274 | D:7      | Reached skill level 5 in Evocations
  8798 | D:8      | Found a stormy altar of Qazlal.
  9211 | D:8      | Reached skill level 7 in Dodging
  9882 | D:9      | Found a runed translucent gate.
  9882 | D:9      | Found a runed translucent gate.
  9882 | D:9      | Found a runed translucent gate.
  9907 | D:9      | Found a flagged portal.
 10013 | Bailey   | Entered a bailey
 10029 | Bailey   | Reached **** piety under Cheibriados
 10433 | Bailey   | Reached skill level 6 in Invocations
 10537 | Bailey   | Reached skill level 7 in Stealth
 11092 | D:9      | HP: 16/76 [komodo dragon (16)]
 11095 | D:10     | Entered Level 10 of the Dungeon
 11097 | D:9      | HP: 16/76 [jackal (2)]
 11100 | D:9      | HP: 3/76 [komodo dragon (13)]
 11548 | D:9      | Reached XP level 11. HP: 52/81 MP: 12/22
 11864 | D:9      | Noticed phalm's ghost (novice DECj)
 11865 | D:9      | Noticed Tirrikindir's ghost (novice OpFi)
 11865 | D:9      | Noticed oldmanjim's ghost (journeyman OgFE)
 11865 | D:9      | Noticed Tirrikindir's ghost (novice OpFi)
 11865 | D:9      | Noticed Vexxious's ghost (novice MiBe)
 12098 | D:9      | Learned a level 4 spell: Summon Lightning Spire
 12190 | D:9      | Found a staircase to the Lair.
 12271 | D:10     | Noticed a two-headed ogre
 12276 | D:10     | Noticed a manticore
 12278 | D:10     | Killed a two-headed ogre
 12279 | D:10     | Reached skill level 6 in Fighting
 12279 | D:10     | Reached skill level 6 in Short Blades
 12279 | D:10     | Reached skill level 6 in Long Blades
 12279 | D:10     | Reached skill level 6 in Axes
 12279 | D:10     | Reached skill level 6 in Maces & Flails
 12279 | D:10     | Reached skill level 6 in Polearms
 12279 | D:10     | Reached skill level 6 in Staves
 12279 | D:10     | Reached skill level 6 in Slings
 12279 | D:10     | Reached skill level 6 in Bows
 12279 | D:10     | Reached skill level 6 in Crossbows
 12279 | D:10     | Reached skill level 6 in Throwing
 12279 | D:10     | Reached skill level 6 in Armour
 12279 | D:10     | Reached skill level 6 in Shields
 12279 | D:10     | Reached skill level 6 in Unarmed Combat
 12279 | D:10     | Reached skill level 5 in Hexes
 12279 | D:10     | Reached skill level 5 in Summonings
 12279 | D:10     | Reached skill level 5 in Necromancy
 12279 | D:10     | Reached skill level 5 in Translocations
 12279 | D:10     | Reached skill level 5 in Transmutations
 12279 | D:10     | Reached skill level 5 in Fire Magic
 12279 | D:10     | Reached skill level 5 in Ice Magic
 12279 | D:10     | Reached skill level 5 in Air Magic
 12279 | D:10     | Reached skill level 5 in Earth Magic
 12279 | D:10     | Reached skill level 5 in Poison Magic
 12279 | D:10     | Reached skill level 6 in Evocations
 12355 | D:10     | Killed a manticore
 12356 | D:10     | Reached skill level 8 in Spellcasting
 12649 | D:10     | You pick up a book of Misfortune and begin reading...
 12719 | D:10     | Reached ***** piety under Cheibriados
 12876 | D:10     | Noticed an unseen horror
 12886 | D:10     | Killed an unseen horror
 13115 | D:10     | Reached skill level 9 in Conjurations
 13115 | D:10     | Reached skill level 7 in Invocations
 13620 | D:11     | Reached skill level 8 in Dodging
 13900 | D:11     | Noticed a manticore
 13920 | D:11     | Killed a manticore
 13921 | D:11     | Reached skill level 8 in Stealth
 14239 | D:11     | You pick up a book of Frost and begin reading...
 14239 | D:11     | You add the spells Freeze, Frozen Ramparts, Ozocubu's
                  | Armour and Hailstorm to your library.
 14577 | Lair:1   | Entered Level 1 of the Lair of Beasts
 14717 | D:9      | Reached XP level 12. HP: 79/89 MP: 5/24
 14818 | Lair:1   | Reached skill level 7 in Fighting
 14818 | Lair:1   | Reached skill level 7 in Short Blades
 14818 | Lair:1   | Reached skill level 7 in Long Blades
 14818 | Lair:1   | Reached skill level 7 in Axes
 14818 | Lair:1   | Reached skill level 7 in Maces & Flails
 14818 | Lair:1   | Reached skill level 7 in Polearms
 14818 | Lair:1   | Reached skill level 7 in Staves
 14818 | Lair:1   | Reached skill level 7 in Slings
 14818 | Lair:1   | Reached skill level 7 in Bows
 14818 | Lair:1   | Reached skill level 7 in Crossbows
 14818 | Lair:1   | Reached skill level 7 in Throwing
 14818 | Lair:1   | Reached skill level 7 in Armour
 14818 | Lair:1   | Reached skill level 7 in Shields
 14818 | Lair:1   | Reached skill level 7 in Unarmed Combat
 14818 | Lair:1   | Reached skill level 7 in Evocations
 14827 | Lair:1   | HP: 22/91 [cane toad (6)]
 14828 | Lair:1   | HP: 9/91 [yak (7)]
 14828 | Lair:1   | HP: 3/91 [basilisk (6)]
 14828 | Lair:1   | Slain by a blink frog

Vanquished Creatures
  A two-headed ogre (D:10)
  An unseen horror (D:10)
  Pikel (D:6)
  The ghost of phalm the Quickloader, a novice GnHu (D:5)
  2 manticores
  A black mamba (D:9)
  2 cane toads (Lair:1)
  A rime drake (Lair:1)
  2 komodo dragons
  4 blink frogs (Lair:1)
  Sigmund (D:4)
  Eustachio (D:5)
  A shadow (D:11)
  A wyvern (D:9)
  9 yaks
  Menkaure (D:7)
  5 water moccasins
  14 orc warriors
  A sky beast (D:8)
  Purgy (Sewer)
  4 black bears
  4 ogres
  3 phantoms
  An ice beast (D:9)
  An eye of draining (D:9)
  9 centaurs
  A big kobold (D:5)
  Blork the orc (D:6)
  7 bullfrogs
  7 scorpions
  14 killer bees
  4 wights (D:11)
  2 howler monkeys
  2 quasits
  7 hounds
  Crazy Yiuf (D:6)
  2 bullfrog zombies (D:10)
  A jelly (D:10)
  3 orc wizards
  3 bullfrog skeletons
  2 centaur skeletons
  An iguana (D:5)
  Jessica (D:2)
  Ijyb (D:5)
  8 worker ants
  2 worker ant zombies (D:6)
  A river rat (D:3)
  10 adders
  A shadow imp (D:9)
  6 white imps
  An ufetubus (D:9)
  2 oozes
  An adder skeleton (D:7)
  2 adder zombies (D:5)
  2 worms (D:2)
  A dart slug (D:1)
  6 leopard geckos
  37 orcs
  6 bats (D:2)
  4 giant cockroaches
  11 goblins
  8 hobgoblins
  11 jackals
  8 quokkas
  A ball python (D:6)
  6 frilled lizards
  A goblin skeleton (D:4)
  A goblin zombie (D:4)
  A hobgoblin zombie (D:4)
  18 kobolds
  3 kobold skeletons (D:4)
  A kobold zombie (D:4)
  An orc zombie (D:4)
  A quokka skeleton (D:7)
  2 quokka zombies
  13 rats
310 creatures vanquished.

Vanquished Creatures (others)
  5 dream sheep (D:3)
  26 fungi
  20 plants
51 creatures vanquished.

Grand Total: 361 creatures vanquished

Table legend:
 A = Non-vault XP
 B = Vault XP
 C = Vault XP percentage of total XP
 D = Non-vault monster count
 E = Vault monster count
 F = Vault count percentage of total count
                 A         B        C        D         E       F
            +---------+---------+-------+---------+---------+-------
      Total |   15877 |    5046 |  24.1 |     236 |      77 |  24.6
            +---------+---------+-------+---------+---------+-------
        D:1 |      19 |       0 |   0.0 |      11 |       0 |   0.0
        D:2 |      68 |      46 |  40.4 |      24 |       6 |  20.0
        D:3 |     471 |      35 |   6.9 |      31 |       7 |  18.4
        D:4 |     130 |     256 |  66.3 |       3 |      10 |  76.9
        D:5 |     529 |    1386 |  72.4 |      16 |      21 |  56.8
        D:6 |     487 |     799 |  62.1 |      20 |       3 |  13.0
        D:7 |     702 |     169 |  19.4 |      15 |       1 |   6.2
        D:8 |     929 |       0 |   0.0 |      15 |       0 |   0.0
        D:9 |    1988 |     876 |  30.6 |      31 |       5 |  13.9
       D:10 |    4132 |       0 |   0.0 |      25 |       0 |   0.0
       D:11 |    3221 |       0 |   0.0 |      32 |       0 |   0.0
     Lair:1 |    3201 |       0 |   0.0 |      13 |       0 |   0.0
      Sewer |       0 |     140 | 100.0 |       0 |       6 | 100.0
     Bailey |       0 |    1339 | 100.0 |       0 |      18 | 100.0
            +---------+---------+-------+---------+---------+-------

Illustrated notes

Table legend:
 A = Kills in this place as a percentage of kills in entire the game.
 B = Kills by you in this place as a percentage of kills by you in the entire game.
 C = Kills by friends in this place as a percentage of kills by friends in the entire game.
 D = Other kills in this place as a percentage of other kills in the entire game.
 E = Experience gained in this place as a percentage of experience gained in the entire game.
 F = Experience gained in this place divided by the number of levels of this place that you have seen.
                   A       B       C       D       E      F
               +-------+-------+-------+-------+-------+----------------------
         Total | 100.0 | 100.0 |   N/A | 100.0 | 100.0 | 1394.9
       Dungeon |  88.2 |  88.1 |   N/A | 100.0 |  77.6 | 1476.6
          Lair |   4.2 |   4.2 |   N/A |   0.0 |  15.3 | 3201.0
         Sewer |   1.9 |   1.9 |   N/A |   0.0 |   0.7 | 140.0
        Bailey |   5.8 |   5.8 |   N/A |   0.0 |   6.4 | 1339.0
               +-------+-------+-------+-------+-------+----------------------

Table legend: (Time is in decaauts)
 A = Elapsed time spent in this place.
 B = Non-inter-level travel time spent in this place.
 C = Inter-level travel time spent in this place.
 D = Time resting spent in this place.
 E = Time spent auto-exploring this place.
 F = Levels seen in this place.
 G = Mean time per level.
                   A        B        C        D        E       F      G
               +--------+--------+--------+--------+--------+-----+--------+
         Total |  17832 |  17067 |    765 |    348 |  14692 |  15 | 1188.8 |
       Dungeon |  16215 |  15495 |    720 |    332 |  13572 |  11 | 1474.1 |
        Temple |     82 |     37 |     45 |      0 |     36 |   1 |   82.0 |
          Lair |    202 |    202 |      0 |      0 |    131 |   1 |  202.0 |
         Sewer |    264 |    264 |      0 |      0 |    191 |   1 |  264.0 |
        Bailey |   1068 |   1068 |      0 |     16 |    761 |   1 | 1068.0 |
               +--------+--------+--------+--------+--------+-----+--------+

Top non-repeatable levels by time:
     D:9: 2181 daAuts
     D:5: 2082 daAuts
     D:8: 1717 daAuts
    D:10: 1708 daAuts
     D:6: 1527 daAuts
     D:7: 1449 daAuts
     D:3: 1313 daAuts
     D:4: 1258 daAuts
     D:2: 1222 daAuts
    D:11: 1186 daAuts
  Bailey: 1068 daAuts
     D:1: 568 daAuts
   Sewer: 264 daAuts
  Lair:1: 202 daAuts
  Temple: 82 daAuts
